Map: Invader LE

Players

Fropez

  • Race: Protoss Protoss
  • League: Silver
  • Spawn Location: 11:00

Alberthor - Winner!

  • Race: Protoss Protoss
  • League: Gold
  • Spawn Location: 7:00

VOD

Have the link to the VOD?

Description

Time

  • Played on: May 18, 2016, 11:30 a.m.
  • Length: 7:14
Show
View Real Time Build Order
Export as new Build Order

Fropez Protoss 

Build Orders:  

Get SALT Encoding   

  12  0:20  Pylon  
  12  0:21  Probe (Chrono Boost)  
  13  0:32  Probe (Chrono Boost)  
  14  0:41  Gateway  
  14  0:47  Probe (Chrono Boost)  
  15  0:51  Assimilator  
  15  0:58  Probe (Chrono Boost)  
  16  1:08  Probe (Chrono Boost)  
  16  1:10  Pylon  
  17  1:33  Probe (Chrono Boost)  
  18  1:41  Cybernetics Core  
  18  1:43  Gateway  
  18  1:45  Probe (Chrono Boost)  
  19  1:50  Pylon  
  19  2:08  Probe (Chrono Boost)  
  19  2:11  Gateway  
  19  2:15  Gateway  
  20  2:16  Gateway  
  20  2:20  Probe (Chrono Boost)  
  21  2:31  Probe (Chrono Boost)  
  21  2:36  Assimilator  
  22  2:39  Adept  
  22  2:41  Probe (Chrono Boost)  
  27  2:52  Adept, Probe (Chrono Boost)  
  28  3:00  Warp Gate (Chrono Boost)  
  28  3:02  Probe (Chrono Boost)  
  29  3:10  Adept  
  31  3:13  Mothership Core (Chrono Boost)  
  31  3:19  Adept  
  35  3:23  Adept  
  37  3:36  Stalker  
  35  4:04  Stalker  
  37  4:11  Probe  
  36  4:17  Nexus  
  36  4:20  Assimilator  
  34  4:32  Stalker x2  
  38  4:52  Forge  
  38  4:56  Probe  
  38  4:58  Pylon  
  39  5:08  Pylon  
  37  5:36  Pylon  
  37  5:37  Pylon  
  33  5:47  Probe  
  30  5:58  Stalker x4  
  30  5:59  Probe  
  30  6:01  Pylon  
  30  6:03  Photon Cannon  
  39  6:11  Probe  
  40  6:20  Photon Cannon  
  40  6:23  Probe  
  41  6:32  Twilight Council  
  41  6:33  Probe  
  41  6:35  Probe  
  43  6:45  Stalker  
  43  6:46  Stalker  
Show
View Real Time Build Order
Export as new Build Order

Alberthor Protoss - Winner!

Build Orders:  

Get SALT Encoding   

  12  0:02  Probe (Chrono Boost)  
  13  0:14  Pylon  
  13  0:18  Probe (Chrono Boost)  
  14  0:29  Probe (Chrono Boost)  
  15  0:36  Gateway  
  15  0:39  Probe (Chrono Boost)  
  16  0:47  Assimilator  
  17  0:50  Probe (Chrono Boost)  
  17  1:03  Gateway  
  17  1:17  Assimilator  
  17  1:19  Probe (Chrono Boost)  
  17  1:24  Cybernetics Core  
  18  1:30  Probe (Chrono Boost)  
  19  1:34  Pylon  
  19  1:40  Probe (Chrono Boost)  
  20  1:51  Probe (Chrono Boost)  
  21  2:08  Stalker (Chrono Boost)  
  23  2:09  Warp Gate  
  23  2:10  Probe (Chrono Boost)  
  24  2:27  Stalker (Chrono Boost)  
  26  2:35  Probe  
  29  2:37  Stalker (Chrono Boost)  
  29  2:40  Pylon  
  29  2:47  Mothership Core  
  31  3:06  Nexus  
  31  3:12  Stalker (Chrono Boost)  
  33  3:18  Stalker (Chrono Boost)  
  35  3:29  Pylon  
  35  3:51  Probe  
  36  3:57  Robotics Facility  
  36  3:59  Gateway  
  36  4:03  Probe  
  35  4:25  Stalker x2  
  37  4:31  Probe  
  37  4:32  Probe  
  39  4:42  Probe  
  39  4:43  Probe  
  41  4:52  Observer  
  42  4:54  Probe  
  42  4:57  Probe  
  42  4:59  Stalker  
  46  5:00  Stalker  
  46  5:03  Stalker  
  46  5:05  Probe  
  51  5:09  Probe  
  51  5:13  Observer  
  53  5:21  Probe  
  51  5:31  Probe  
  49  5:38  Stalker x3  
  49  6:15  Gateway, Stalker x3  
  55  6:19  Immortal (Chrono Boost)  
  59  6:32  Probe  
  59  6:36  Probe  
  61  6:43  Probe  
  62  6:47  Pylon  
  62  6:49  Pylon  
  62  7:00  Probe  
Tags
 
Matchup
PvP
Replay Pack
All Mines
Spawn Locations
Close Positions
Add a new tag
Caveats
  • Supply blocks, unpowered buildings, or Contaminate may cause inaccurate times.
  • Supply counts are checked every 10 seconds.